[ AOE2 MATCH · #505934916 ]
UnrankedGurjaras vs Vikings
Player's team · WIN
Rival team · LOSS
[ REPLAY ANALYSIS · EXTRACTED FROM THE RECORDED GAME ]
Feudal
9:17
Castle
19:14
Imperial
—
| APM avg | 44.1 |
| APM peak | 91 |
| eAPM avg | 17.5 |
| Villagers / military | 37 / 19 |
Focus
⚔️ 20.0% · 🌾 80.0%
Archer ×19
Feudal
13:03
Castle
—
Imperial
—
| APM avg | 50.6 |
| APM peak | 75 |
| eAPM avg | 19.8 |
| Villagers / military | 49 / 15 |
Focus
⚔️ 35.6% · 🌾 64.4%
Militia ×10 · Skirmisher ×5
Match map
Initial resources + every placement click. Lines = walls · curves = elevation contours. ◆ gold · ⬟ stone · ● berries · ✦ relic · ◌ wall gap
Your base· Open — 5t gap
Cooper's base· Open — unwalled flank
Smoothed initial terrain · ◌ = detected wall gap · hover for details
Inputs per minute
— RiseoftheRuben - - Cooper
Build order — RiseoftheRuben
107 actions detected in the replay
| 0:01 | Queue | Villager (Male) |
| 0:01 | Queue | Villager (Male) |
| 0:02 | Build | House |
| 0:03 | Build | House |
| 0:26 | Queue | Villager (Male) |
| 0:26 | Queue | Villager (Male) |
| 0:31 | Build | Mill |
| 1:30 | Queue | Villager (Male) |
| 2:07 | Queue | Villager (Male) |
| 2:07 | Queue | Villager (Male) |
| 2:28 | Queue | Villager (Male) |
| 2:54 | Queue | Villager (Male) |
| 3:19 | Queue | Villager (Male) |
| 3:19 | Queue | Villager (Male) |
| 3:19 | Queue | Villager (Male) |
| 3:51 | Build | House |
| 4:10 | Queue | Villager (Male) |
| 4:15 | Build | Lumber Camp |
| 4:25 | Queue | Villager (Male) |
| 4:29 | Build | House |
| 4:39 | Queue | Villager (Male) |
| 5:23 | Queue | Villager (Male) |
| 5:36 | Queue | Villager (Male) |
| 6:17 | Queue | Villager (Male) |
| 6:18 | Research | Loom |
| 7:02 | Research | Feudal Age |
| 7:18 | Build | Lumber Camp |
| 8:00 | Build | Barracks |
| 8:21 | Build | Palisade Wall |
| 8:23 | Build | Palisade Wall |
| 8:24 | Build | Palisade Wall |
| 8:31 | Build | Palisade Wall |
| 8:40 | Build | House |
| 8:43 | Build | Palisade Wall |
| 9:15 | Queue | Villager (Male) |
| 9:15 | Queue | Villager (Male) |
| 9:17 | Age | Feudal Age |
| 9:24 | Build | Archery Range |
| 9:31 | Build | Mining Camp |
| 9:42 | Research | Double-Bit Axe |
| 9:46 | Queue | Villager (Male) |
| 10:14 | Build | House |
| 10:18 | Queue | Archer |
| 10:39 | Queue | Archer |
| 10:43 | Queue | Villager (Male) |
| 11:02 | Build | House |
| 11:04 | Build | House |
| 11:24 | Queue | Archer |
| 11:35 | Queue | Villager (Male) |
| 11:35 | Queue | Villager (Male) |
| 11:42 | Build | Mill |
| 11:50 | Build | Blacksmith |
| 11:55 | Queue | Villager (Male) |
| 12:45 | Queue | Archer |
| 12:46 | Queue | Archer |
| 12:48 | Queue | Villager (Male) |
| 12:50 | Research | Fletching |
| 13:57 | Queue | Archer |
| 13:58 | Queue | Archer |
| 13:58 | Queue | Archer |
| 13:59 | Queue | Villager (Male) |
| 14:04 | Build | Mill |
| 14:15 | Build | Farm |
| 14:15 | Build | Farm |
| 14:15 | Build | Farm |
| 14:15 | Build | Farm |
| 14:16 | Build | Farm |
| 14:16 | Build | Farm |
| 14:16 | Build | Farm |
| 14:18 | Queue | Villager (Male) |
| 15:33 | Queue | Archer |
| 15:34 | Queue | Villager (Male) |
| 15:39 | Build | House |
| 15:41 | Build | House |
| 15:45 | Build | Farm |
| 15:46 | Build | Farm |
| 15:49 | Queue | Villager (Male) |
| 15:51 | Build | House |
| 16:07 | Queue | Archer |
| 16:11 | Build | Palisade Wall |
| 16:24 | Queue | Archer |
| 16:34 | Research | Castle Age |
| 17:01 | Research | Horse Collar |
| 17:13 | Queue | Archer |
| 17:32 | Build | Archery Range |
| 17:52 | Queue | Archer |
| 17:56 | Research | Padded Archer Armor |
| 18:32 | Queue | Archer |
| 18:32 | Queue | Archer |
| 19:14 | Age | Castle Age |
| 19:18 | Research | Crossbowman (upgrade) |
| 19:18 | Research | Crossbowman (upgrade) |
| 19:23 | Research | Bodkin Arrow |
| 19:23 | Research | Bodkin Arrow |
| 19:27 | Build | Town Center |
| 19:29 | Queue | Villager (Male) |
| 19:35 | Queue | Archer |
| 19:35 | Queue | Archer |
| 19:50 | Queue | Villager (Male) |
| 19:57 | Build | Town Center |
| 19:58 | Queue | Villager (Male) |
| 20:02 | Queue | Villager (Male) |
| 20:10 | Queue | Archer |
| 20:13 | Queue | Villager (Male) |
| 21:02 | Queue | Villager (Male) |
| 21:02 | Queue | Villager (Male) |
| 21:10 | Queue | Archer |
Build order — Cooper
132 actions detected in the replay
| 0:00 | Queue | Villager (Male) |
| 0:00 | Queue | Villager (Male) |
| 0:00 | Queue | Villager (Male) |
| 0:01 | Queue | Villager (Male) |
| 0:02 | Build | House |
| 0:02 | Build | House |
| 1:27 | Queue | Villager (Male) |
| 1:27 | Queue | Villager (Male) |
| 1:48 | Build | Lumber Camp |
| 1:57 | Queue | Villager (Male) |
| 2:15 | Queue | Villager (Male) |
| 2:15 | Queue | Villager (Male) |
| 2:43 | Queue | Villager (Male) |
| 3:01 | Queue | Villager (Male) |
| 3:31 | Queue | Villager (Male) |
| 3:53 | Queue | Villager (Male) |
| 3:55 | Build | House |
| 4:21 | Queue | Villager (Male) |
| 4:21 | Queue | Villager (Male) |
| 4:38 | Build | Barracks |
| 4:42 | Queue | Villager (Male) |
| 5:11 | Queue | Villager (Male) |
| 5:22 | Queue | Villager (Male) |
| 5:34 | Queue | Militia |
| 5:34 | Queue | Militia |
| 5:59 | Build | House |
| 6:01 | Research | Loom |
| 6:02 | Queue | Villager (Male) |
| 6:35 | Queue | Villager (Male) |
| 7:28 | Queue | Villager (Male) |
| 7:54 | Queue | Villager (Male) |
| 8:35 | Queue | Villager (Male) |
| 8:37 | Build | House |
| 8:40 | Build | Mill |
| 8:44 | Queue | Militia |
| 8:45 | Queue | Militia |
| 9:02 | Build | House |
| 9:03 | Build | House |
| 9:10 | Build | Mill |
| 9:10 | Queue | Villager (Male) |
| 9:25 | Build | Mining Camp |
| 9:26 | Queue | Villager (Male) |
| 9:43 | Build | Palisade Wall |
| 10:01 | Build | Farm |
| 10:03 | Build | Farm |
| 10:53 | Research | Feudal Age |
| 10:53 | Research | Feudal Age |
| 11:47 | Queue | Militia |
| 11:48 | Queue | Militia |
| 11:57 | Queue | Villager (Male) |
| 12:08 | Build | Palisade Wall |
| 12:22 | Queue | Villager (Male) |
| 12:30 | Queue | Militia |
| 12:32 | Queue | Villager (Male) |
| 12:46 | Build | Palisade Wall |
| 12:47 | Build | Palisade Wall |
| 12:48 | Build | Palisade Wall |
| 12:50 | Build | Palisade Wall |
| 12:52 | Build | Palisade Wall |
| 12:52 | Queue | Villager (Male) |
| 13:03 | Age | Feudal Age |
| 13:18 | Build | Archery Range |
| 13:20 | Build | Palisade Wall |
| 13:23 | Queue | Villager (Male) |
| 13:24 | Build | Palisade Wall |
| 13:25 | Build | Palisade Wall |
| 13:35 | Queue | Militia |
| 13:36 | Queue | Villager (Male) |
| 13:41 | Build | Archery Range |
| 13:49 | Queue | Militia |
| 13:50 | Queue | Villager (Male) |
| 13:55 | Research | Double-Bit Axe |
| 14:02 | Build | Watch Tower |
| 14:16 | Queue | Skirmisher |
| 14:16 | Queue | Skirmisher |
| 14:16 | Queue | Skirmisher |
| 14:18 | Queue | Villager (Male) |
| 14:18 | Queue | Villager (Male) |
| 14:21 | Build | House |
| 14:30 | Queue | Villager (Male) |
| 14:31 | Build | House |
| 14:37 | Queue | Militia |
| 14:39 | Build | Farm |
| 15:02 | Build | Farm |
| 15:12 | Queue | Villager (Male) |
| 15:17 | Build | Farm |
| 15:18 | Queue | Villager (Male) |
| 15:38 | Build | Farm |
| 15:39 | Queue | Villager (Male) |
| 15:41 | Build | Farm |
| 16:04 | Build | Blacksmith |
| 16:14 | Build | Lumber Camp |
| 16:24 | Build | Farm |
| 16:31 | Queue | Skirmisher |
| 16:36 | Queue | Villager (Male) |
| 16:38 | Build | Farm |
| 16:38 | Build | Farm |
| 16:38 | Build | Farm |
| 16:39 | Build | Farm |
| 16:46 | Build | House |
| 16:46 | Queue | Villager (Male) |
| 16:52 | Build | Lumber Camp |
| 16:59 | Build | Palisade Wall |
| 17:06 | Build | Palisade Wall |
| 17:07 | Queue | Villager (Male) |
| 17:19 | Build | House |
| 17:20 | Build | House |
| 17:21 | Build | House |
| 17:24 | Queue | Villager (Male) |
| 17:31 | Build | Farm |
| 17:47 | Build | Farm |
| 17:54 | Build | Farm |
| 17:54 | Queue | Skirmisher |
| 17:55 | Queue | Villager (Male) |
| 18:07 | Build | Farm |
| 18:31 | Build | Farm |
| 18:35 | Build | Farm |
| 18:43 | Queue | Villager (Male) |
| 18:49 | Build | Farm |
| 18:55 | Build | Farm |
| 19:14 | Build | Farm |
| 19:15 | Queue | Villager (Male) |
| 19:25 | Build | Farm |
| 19:36 | Build | Mining Camp |
| 19:39 | Queue | Villager (Male) |
| 20:20 | Research | Castle Age |
| 20:20 | Research | Castle Age |
| 21:08 | Build | Market |
| 21:11 | Research | Padded Archer Armor |
| 21:12 | Queue | Villager (Male) |
| 21:18 | Queue | Villager (Male) |
| 21:36 | Queue | Villager (Male) |
Match timeline
| 4:38 | Cooper · first_building Barracks |
| 8:00 | RiseoftheRuben · first_building Barracks |
| 8:21 | RiseoftheRuben · wall_segment Palisade Wall x1 |
| 8:23 | RiseoftheRuben · wall_segment Palisade Wall x1 |
| 8:24 | RiseoftheRuben · wall_segment Palisade Wall x1 |
| 8:31 | RiseoftheRuben · wall_segment Palisade Wall x1 |
| 8:43 | RiseoftheRuben · wall_segment Palisade Wall x1 |
| 9:17 | RiseoftheRuben · age_up feudal |
| 9:24 | RiseoftheRuben · first_building Archery Range |
| 9:43 | Cooper · wall_segment Palisade Wall x3 |
| 12:08 | Cooper · wall_segment Palisade Wall x1 |
| 12:46 | Cooper · wall_segment Palisade Wall x1 |
| 12:47 | Cooper · wall_segment Palisade Wall x1 |
| 12:48 | Cooper · wall_segment Palisade Wall x1 |
| 12:50 | Cooper · wall_segment Palisade Wall x1 |
| 12:52 | Cooper · wall_segment Palisade Wall x1 |
| 13:03 | Cooper · age_up feudal |
| 13:18 | Cooper · first_building Archery Range |
| 13:20 | Cooper · wall_segment Palisade Wall x1 |
| 13:24 | Cooper · wall_segment Palisade Wall x1 |
| 13:25 | Cooper · wall_segment Palisade Wall x1 |
| 16:11 | RiseoftheRuben · wall_segment Palisade Wall x13 |
| 16:59 | Cooper · wall_segment Palisade Wall x1 |
| 17:06 | Cooper · wall_segment Palisade Wall x7 |
| 19:14 | RiseoftheRuben · age_up castle |
| 21:42 | Cooper · resign |
[ AI ANALYSIS · 1 CREDIT ]
What really happened in this match?
Wolo.gg analyzes every decision: build order, eco, micro, common mistakes by bracket. Personalized analysis on WhatsApp or Discord in 30 seconds.
Civ guide
Gurjaras
Perfil
Jugador #1072539